 Dungeon Crawl Stone Soup version 0.21-a0-522-ga8338f0 (webtiles) character file.

611 Gerstahl the Chiller (level 7, 0/56 HPs)
             Began as a Naga Ice Elementalist on Dec 5, 2017.
             Slain by Grinder (1 damage)
             ... on level 4 of the Dungeon on Dec 6, 2017.
             The game lasted 00:11:32 (3890 turns).

Gerstahl the Chiller (Naga Ice Elementalist)        Turns: 3890, Time: 00:11:35

Health: 0/56       AC:  6    Str: 10 (13) XL:     7   Next: 44%
Magic:  4/13       EV: 10    Int: 19 (22) God:
Gold:   110        SH:  0    Dex:  9 (11) Spells: 6/14 levels left

rFire    . . .     SeeInvis +   (no weapon)
rCold    . . .     Gourm    .   (no shield)
rNeg     . . .     Faith    .   a - +0 robe
rPois    +         Spirit   .   d - +0 helmet
rElec    .         Reflect  .   p - +0 cloak
rCorr    .         Harm     .   (no gloves)
MR       .....                  (no barding)
Stlth    ++........             (no amulet)
HPRegen  0.18/turn              (no ring)
MPRegen  0.13/turn              (no ring)

@: brilliant, very slow
A: large, rugged brown scales 1, see invisible, deformed body, poison
resistance, slowness 2, slow metabolism 1, spit poison 1, strong 1, no potion
heal 1, AC +2
a: Spit Poison


You were on level 4 of the Dungeon.
You were not hungry.

You visited 1 branch of the dungeon, and saw 4 of its levels.

You collected 110 gold pieces.

Inventory:

Armour
 a - a +0 robe (worn)
 d - a +0 helmet (worn)
 p - a +0 cloak (worn)
Jewellery
 y - an uncursed amulet of harm {unknown}
Wands
 k - a wand of scattershot (6)
Scrolls
 f - a scroll of amnesia
 h - 6 scrolls of teleportation {unknown}
 t - a scroll of remove curse
 u - a scroll of magic mapping
Potions
 g - a potion of might {unknown}
 n - a potion of invisibility {unknown}
 o - a potion of agility {unknown}
 s - a potion of brilliance
 x - a potion of haste
Books
 b - a book of Frost

   Spells                             Type                      Level
   a - Freeze                         Ice                          1
   b - Throw Frost                    Conjuration/Ice              2
   c - Ozocubu's Armour               Charms/Ice                   3
   d - Throw Icicle                   Conjuration/Ice              4
   e - Summon Ice Beast               Ice/Summoning                4
 l - a book of Changes

   Spells                             Type                      Level
   a - Beastly Appendage              Transmutation                1
   b - Sticks to Snakes               Transmutation                2
   c - Spider Form                    Transmutation/Poison         3
   d - Ice Form                       Ice/Transmutation            4
   e - Blade Hands                    Transmutation                5
Comestibles
 c - 2 bread rations
 q - 2 royal jellies
 z - a meat ration


   Skills:
 - Level 1.5 Dodging
 - Level 3.0 Stealth
 + Level 4.3 Spellcasting
 + Level 3.4 Conjurations
 + Level 5.2 Ice Magic
 - Level 3.0 Evocations


You had 6 spell levels left.
You knew the following spells:

 Your Spells              Type           Power        Failure   Level  Hunger
a - Freeze                Ice            ####         1%          1    None
b - Throw Icicle          Conj/Ice       ####....     2%          4    ####...
c - Ozocubu's Armour      Chrm/Ice       ####....     1%          3    ###....


Dungeon Overview and Level Annotations

Branches:
Dungeon (4/15)
 Temple: D:4-7

Altars:

Annotations:
D:4 Grinder; anything's ghost, amateur OpHu


Innate Abilities, Weirdness & Mutations

You cannot wear boots.
Your serpentine skin is tough. (AC +2)
You have supernaturally acute eyesight. (SInv)
Armour fits poorly on your strangely shaped body.
Your system is resistant to poisons. (rPois)
You cover ground very slowly.
You have a slow metabolism.
You can spit poison.
You are partially covered in rugged brown scales. (AC +1, +3% HP)
Your muscles are strong. (Str +2)
Potions are less effective at restoring your health.


Message History

You have got your breath back.
Grinder gestures at you. Pain shoots through your body!
* * * LOW HITPOINT WARNING * * *
As you read the scroll labeled NOTHRE TIRARY, it crumbles to dust.
It is a scroll of enchant weapon.
You aren't carrying any weapons that can be enchanted.
Grinder hits you.
* * * LOW HITPOINT WARNING * * *
You writhe in agony.
* * * LOW HITPOINT WARNING * * *
Your system partially rejects the healing.
You feel better. Grinder hits you but does no damage.
It was a potion of degeneration.
There was something very wrong with that liquid.
You feel weakened.
You feel dopey.
You feel clumsy. Grinder hits you.
* * * LOW HITPOINT WARNING * * *
You writhe in agony.
You die...

# # ##### # ...## #
...# # #5.# # #@.#
## #..# #. #$.# #.
##.#.# ####. ##
##.###.#########....
.. ##.##
#.............
.#.##.##
##...####..###
...>...#.## ##.##.#
#..# .##.##.##.###<#
#.# #..#


You could see Grinder.

Vanquished Creatures
  Sigmund (D:4)
  A sky beast (D:4)
  An ogre (D:4)
  2 hounds (D:4)
  An orc wizard (D:4)
  Crazy Yiuf (D:2)
  Terence (D:2)
  A hound skeleton (D:4)
  Robin (D:2)
  2 adders
  3 gnolls (D:3)
  An ooze (D:3)
  A dart slug (D:1)
  3 orcs
  4 giant cockroaches
  11 goblins
  6 hobgoblins
  6 jackals
  5 kobolds
  A quokka (D:3)
  A ball python (D:3)
  6 bats
  2 frilled lizards
  5 rats
67 creatures vanquished.

Notes
Turn   | Place    | Note
-------+----------+-------------------------------------------
     0 | D:1      | Gerstahl the Naga Ice Elementalist began the quest for the Orb.
     0 | D:1      | Reached XP level 1. HP: 15/15 MP: 3/3
   270 | D:1      | Reached XP level 2. HP: 20/22 MP: 3/5
   293 | D:1      | Gained mutation: Potions are less effective at restoring your health. [potion of mutation]
   293 | D:1      | Gained mutation: You are dopey. (Int -2) [potion of mutation]
   293 | D:1      | Gained mutation: You evolve. [potion of mutation]
   293 | D:1      | Gained mutation: You are partially covered in rugged brown scales. (AC +1, +3% HP) [potion of mutation]
   573 | D:1      | Upgraded the game from 0.21-a0-521-g1cd18d1 to 0.21-a0-522-ga8338f0
   891 | D:1      | Reached XP level 3. HP: 28/28 MP: 2/6
  1585 | D:2      | Noticed Robin
  1589 | D:2      | Killed Robin
  1904 | D:2      | Reached XP level 4. HP: 37/37 MP: 4/8
  1913 | D:2      | Learned a level 4 spell: Throw Icicle
  1917 | D:2      | Learned a level 3 spell: Ozocubu's Armour
  1922 | D:2      | Noticed Terence
  1927 | D:2      | Killed Terence
  1927 | D:2      | Reached skill level 4 in Ice Magic
  2270 | D:2      | Found a runed door.
  2298 | D:2      | Noticed Crazy Yiuf
  2303 | D:2      | Killed Crazy Yiuf
  2303 | D:2      | Reached skill level 1 in Evocations
  2404 | D:3      | Reached XP level 5. HP: 42/43 MP: 2/9
  3094 | D:3      | Gained mutation: Your tail ends in a poisonous barb. [evolution]
  3334 | D:4      | Noticed a sky beast
  3347 | D:4      | Killed a sky beast
  3347 | D:4      | Reached XP level 6. HP: 34/50 MP: 0/11
  3402 | D:4      | Noticed anything's ghost (amateur OpHu)
  3452 | D:4      | Noticed Sigmund
  3462 | D:4      | Killed Sigmund
  3462 | D:4      | Reached XP level 7. HP: 39/56 MP: 5/13
  3517 | D:4      | Reached skill level 5 in Ice Magic
  3648 | D:4      | Lost mutation: You evolve. [potion of mutation]
  3648 | D:4      | Lost mutation: Your tail ends in a poisonous barb. [potion of mutation]
  3648 | D:4      | Lost mutation: You are dopey. (Int -2) [potion of mutation]
  3648 | D:4      | Gained mutation: Your muscles are strong. (Str +2) [potion of mutation]
  3865 | D:4      | Noticed Grinder
  3883 | D:4      | HP: 2/56 [Grinder (6)]
  3888 | D:4      | HP: 2/56 [Grinder (4)]
  3890 | D:4      | Slain by Grinder

Vault maps used:
D:1:      minmay_arrival_semitransparent, minmay_cut_off
D:2:      first_bread, uniq_robin, uniq_terence, uniq_crazy_yiuf_cottage
D:3:      nicolae_underground_beach
D:4:      uniq_grinder, uniq_sigmund

Skill      XL: |  1  2  3  4  5  6  7 |
---------------+----------------------+-----
Spellcasting   | 3 4 |  4.3
Ice Magic      | 4 5 |  5.2
Evocations     | 1 2 3 |  3.0
Conjurations   | 2 3 |  3.4
Dodging        | |  1.5
Stealth        | |  3.0

Action                   |  1- 3 |  4- 6 |  7- 9 || total
-------------------------+-------+-------+-------++-------
Melee: Unarmed           |    28 |    26 |    25 ||    79
 Cast: Freeze            |    39 |    60 |    26 ||   125
 Abil: Spit Poison       |     9 |     9 |     3 ||    21
  Use: Potion            |     1 |     1 |     7 ||     9
       Scroll            |       |       |     5 ||     5
 Stab: Sleeping          |     1 |       |       ||     1
  Eat: Chunk             |     3 |     4 |     2 ||     9
Armor: Robe              |    23 |    16 |    18 ||    57
Dodge: Dodged            |    34 |    50 |    27 ||   111

Table legend:
 A = Spawn XP
 B = Non-spawn XP
 C = Spawn XP percentage of total XP
 D = Spawn monster count
 E = Non-spawn monster count
 F = Spawn count percentage of total count
 G = Total turns spent on level
                    A         B        C        D         E        F      G
               +---------+---------+-------+---------+---------+-------+---------
         Total |       0 |     874 |   0.0 |       0 |      67 |   0.0 |  3890
               +---------+---------+-------+---------+---------+-------+---------
           D:1 |       0 |      44 |   0.0 |       0 |      25 |   0.0 |  1462
           D:2 |       0 |     118 |   0.0 |       0 |      11 |   0.0 |   951
           D:3 |       0 |      95 |   0.0 |       0 |      23 |   0.0 |   935
           D:4 |       0 |     617 |   0.0 |       0 |       8 |   0.0 |   542
               +---------+---------+-------+---------+---------+-------+---------
